 Dungeon Crawl Stone Soup version 0.16.1-16-gc44b35d (webtiles) character file.

198 Chiseanne the Magician (level 6, 0/36 HPs)
             Began as a Halfling Wizard on Apr 25, 2015.
             Killed from afar by Terence (8 damage)
             ... with a wand of magic darts
             ... on level 3 of the Dungeon.
             The game lasted 00:11:14 (5225 turns).

Chiseanne the Magician (Halfling Wizard)            Turns: 5225, Time: 00:11:15

Health: 0/36       AC:  2    Str:  7    XL:     6   Next: 6%
Magic:  9/15       EV: 14    Int: 19    God:
Gold:   35         SH:  0    Dex: 13    Spells: 4 memorised, 6 levels left

rFire  . . .     SeeInvis .     a - +1 dagger (chaos)
rCold  . . .     Clarity  +     h - +0 robe
rNeg   . . .     SustAb   .     (no shield)
rPois  .         Gourm    .     b - +0 hat
rElec  .         Spirit   .     (no cloak)
rCorr  .         Warding  .     (no gloves)
rMut   .         Stasis   .     (no boots)
MR     .....                    o - amulet of clarity
Stlth  ++........               (no ring)
                                (no ring)

@: repel missiles, not resistant to hostile enchantments, unstealthy
A: mutation resistance 1
a: no special abilities


You were on level 3 of the Dungeon.
You were hungry.

You visited 1 branch of the dungeon, and saw 3 of its levels.

You collected 35 gold pieces.

Inventory:

Hand weapons
 a - a +1 dagger of chaos (weapon)
 i - a +1 spear of chaos
Armour
 b - a +0 hat (worn)
 h - a +0 robe (worn)
Jewellery
 o - an amulet of clarity (around neck)
Potions
 e - a potion of flight {unknown}
 j - a potion of poison {unknown}
Books
 c - a book of Minor Magic

   Spells                             Type                      Level
   a - Magic Dart                     Conjuration                  1
   b - Blink                          Translocation                2
   c - Call Imp                       Summoning                    2
   d - Repel Missiles                 Charms/Air                   2
   e - Slow                           Hexes                        2
   f - Conjure Flame                  Conjuration/Fire             3
   g - Mephitic Cloud                 Conjuration/Poison/Air       3
 d - Sif Muna's Volume of Arcane Weapons
   (You found it on level 3 of the Dungeon)

   Spells                             Type                      Level
   a - Flame Tongue                   Conjuration/Fire             1
Comestibles
 f - 2 meat rations
 g - 2 fruits
 l - 2 beef jerkies


   Skills:
 - Level 2.1 Dodging
 - Level 2.1 Stealth
 * Level 4.1 Spellcasting
 * Level 2.6 Conjurations
 - Level 0.8 Summonings
 - Level 1.1 Translocations


You had 6 spell levels left.
You knew the following spells:

 Your Spells              Type           Power        Failure   Level  Hunger
a - Magic Dart            Conj           ##..         6%          1    None
b - Repel Missiles        Chrm/Air       #.....       21%         2    ##.....
c - Call Imp              Summ           #.......     17%         2    ##.....
d - Blink                 Tloc           N/A          14%         2    ##.....


Dungeon Overview and Level Annotations

Branches:
Dungeon (3/15)

Altars:
Okawaru
Sif Muna
Trog
Xom

Annotations:
D:3 Terence


Innate Abilities, Weirdness & Mutations

You are small and have problems with some larger weapons.
You are somewhat resistant to further mutation.


Message History

Confirm with . or Enter, or press ? or * to list all spells.
A beastly little devil appears in a puff of flame.
Terence barely misses you. Terence misses you.
Your crimson imp barely misses Terence.
Casting: Call Imp
Confirm with . or Enter, or press ? or * to list all spells.
A beastly little devil appears in a puff of frigid air.
Terence closely misses you.
Your crimson imp closely misses Terence.
Terence zaps a wand.
The magic dart hits you!
Your crimson imp hits Terence but does no damage.
Casting: Call Imp
Confirm with . or Enter, or press ? or * to list all spells.
A beastly little devil appears in a puff of flame.
Terence zaps a wand.
The magic dart hits you!
Terence zaps a wand.
The magic dart hits you!
* * * LOW HITPOINT WARNING * * *
Your crimson imp closely misses Terence.
Terence zaps a wand.
The magic dart hits you!
You die...

...... #.<.. #
#....###.####
#............K
#.....########
#.....@5.....#
#####5....5..#
#........##
#.#..@....#
#.#.#####.#
#.#.# #.#
####### 8..
#.#.# #.#
#...... ##>
#####.#.#
##'#### #......
### #..##.#.#
##.....###......
#.. ##.##.#.#
#......##.......
#.# #.# .#.#
#......##.......
##.# #.# ..#
#......##.......


You could see Terence, 2 friendly crimson imps and a friendly white imp.

Vanquished Creatures
  2 orc wizards (D:3)
  3 adders
  A worm (D:2)
  2 giant geckos (D:1)
  An ooze (D:1)
  A ball python (D:1)
  9 bats
  4 giant cockroaches
  9 goblins
  8 hobgoblins
  5 jackals
  3 giant newts
  6 kobolds
  5 rats
59 creatures vanquished.

Vanquished Creatures (collateral kills)
  An ogre (D:1)
  2 gnolls (D:2)
  2 worms (D:2)
5 creatures vanquished.

Vanquished Creatures (others)
  2 crimson imps (D:1)
2 creatures vanquished.

Grand Total: 66 creatures vanquished

Notes
Turn   | Place    | Note
--------------------------------------------------------------
     0 | D:1      | Chiseanne, the Halfling Wizard, began the quest for the Orb.
     0 | D:1      | Reached XP level 1. HP: 11/11 MP: 3/3
    98 | D:1      | Reached skill level 1 in Conjurations
   439 | D:1      | Reached XP level 2. HP: 17/17 MP: 1/5
   486 | D:1      | Learned a level 2 spell: Repel Missiles
   774 | D:1      | Learned a level 2 spell: Call Imp
  1564 | D:1      | Noticed an ogre
  2109 | D:3      | Found a bloodstained altar of Trog.
  2193 | D:3      | Reached XP level 3. HP: 21/21 MP: 4/6
  2197 | D:3      | Learned a level 2 spell: Blink
  2651 | D:2      | Reached skill level 3 in Spellcasting
  2966 | D:2      | Found an iron altar of Okawaru.
  3363 | D:2      | Reached XP level 4. HP: 27/27 MP: 4/9
  4107 | D:2      | Found a shimmering altar of Xom.
  4188 | D:2      | Reached XP level 5. HP: 31/31 MP: 4/11
  4460 | D:1      | Killed an ogre
  4808 | D:3      | Found a deep blue altar of Sif Muna.
  4842 | D:3      | Reached skill level 4 in Spellcasting
  5087 | D:3      | Reached XP level 6. HP: 29/36 MP: 5/15
  5158 | D:3      | Identified Sif Muna's Volume of Arcane Weapons
  5214 | D:3      | Noticed Terence
  5225 | D:3      | Killed from afar by Terence

Action                   |  1- 3 |  4- 6 || total
-------------------------+-------+-------++-------
Melee: Club              |    53 |     9 ||    62
       Dagger            |       |    25 ||    25
 Cast: Magic Dart        |    90 |    63 ||   153
       Call Imp          |     2 |    16 ||    18
       Repel Missiles    |     1 |       ||     1
       Blink             |       |     2 ||     2
  Use: Scroll            |     5 |     4 ||     9
       Potion            |     1 |     1 ||     2
 Stab: Sleeping          |     1 |     1 ||     2
  Eat: Chunk             |     2 |     7 ||     9
       Bread ration      |     1 |       ||     1
